 Dungeon Crawl Stone Soup version 0.27.1-33-g824d729ab1 (webtiles) character file.

Game seed: 17220459683944788232

112 zeram the Covered (level 4, 0/43 HPs)
             Began as a Gargoyle Fighter on Dec 4, 2021.
             Slain by an iguana (3 damage)
             ... on level 2 of the Dungeon.
             The game lasted 00:06:27 (2654 turns).

zeram the Covered (Gargoyle Fighter)                Turns: 2654, Time: 00:06:28

Health: 0/43       AC: 22    Str: 20    XL:     4   Next: 93%
Magic:  4/4        EV:  2    Int:  9    God:
Gold:   55         SH: 10    Dex:  9    Spells: 3/3 levels left

rFire    . . .     SeeInvis .   a - +0 flail
rCold    . . .     Faith    .   c - +1 kite shield
rNeg     + + +     Spirit   .   (armour currently unavailable)
rPois    ∞         Reflect  .   (helmet currently unavailable)
rElec    .         Harm     .   (cloak currently unavailable)
rCorr    .         Rampage  .   (gloves currently unavailable)
Will     .....     NoTele   +   (boots currently unavailable)
Stlth    +.........             (no amulet)
HPRegen  0.14/turn              (no ring)
MPRegen  0.09/turn              (no ring)

@: mighty, tree-form, very slightly contaminated, invisible
A: stationary, stasis, torment immunity, boosted hp, sickness immunity, AC +3,
negative energy resistance 1, (electricity resistance), torment resistance 1,
petrification resistance
a: no special abilities


You were on level 2 of the Dungeon.
You were a tree.
You visited 1 branch of the dungeon, and saw 3 of its levels.

You collected 55 gold pieces.

Inventory:

Hand Weapons
 a - a +0 flail (weapon)
Missiles
 h - 84 stones (quivered)
 n - a throwing net
Armour
 b - a +0 scale mail (melded)
 c - a +1 kite shield (worn)
Jewellery
 g - a +4 ring of protection
Potions
 k - a potion of lignification


   Skills:
 + Level 3.8 Fighting
 + Level 3.2 Maces & Flails
 + Level 4.0 Armour
 - Level 1.0 Dodging
 + Level 3.8 Shields


You had 3 spell levels left.
You didn't know any spells.
Your spell library contained the following spells:

 Spells                   Type           Power      Damage    Failure   Level
 Foxfire                  Conj/Fire      0%         2x1d4     86%         1
 Conjure Flame            Conj/Fire      0%         6-21      99%         3
 Inner Flame              Hex/Fire       0%         N/A       99%         3


Dungeon Overview and Level Annotations

Branches:
Dungeon (3/15)

Altars:
Cheibriados


Innate Abilities, Weirdness & Mutations

You are a tree.
Your roots penetrate the ground, keeping you stationary.
You cannot be teleported.
You are immune to unholy pain and torment.
Your maximum health is greatly increased.
Your equipment is partially melded.
You are immune to sickness and miasma.
((Your stone body is resilient. (AC +3)))
You are immune to poison.
You resist negative energy. (rN+)
((You are resistant to electric shocks. (rElec)))
You are resistant to unholy torment.
You are immune to petrification.


Message History

The iguana bites you but does no damage. x2
It was a potion of curing.
You feel better. The iguana completely misses you.
The iguana bites you but does no damage.
It was a potion of invisibility.
You fade into invisibility!
You block the iguana's attack.
The iguana bites you but does no damage.
You are very lightly contaminated with residual magic.
You barely miss the iguana.
The iguana bites you but does no damage.
The iguana bites you.
* * * LOW HITPOINT WARNING * * *
You completely miss the iguana.
The iguana bites you but does no damage.
You block the iguana's attack.
The iguana bites you but does no damage. x2
You sock the iguana!
The iguana is severely wounded.
The iguana bites you but does no damage.
The iguana barely misses you.
You hit the iguana but do no damage.
The iguana is severely wounded.
The iguana bites you but does no damage. x3
The iguana bites you.
* * * LOW HITPOINT WARNING * * *
Unknown command.
You thump the iguana!
You kill the iguana!
The iguana hisses menacingly.
The iguana bites you but does no damage.
Your Maces & Flails skill increases to level 3!
Your Armour skill increases to level 4!
Unknown command.
You feel very mighty all of a sudden.
The iguana bites you but does no damage.
You sock the iguana!
The iguana is severely wounded.
The iguana bites you but does no damage.
The iguana bites you.
You die...

############ #####
#..........# #...#
#..........# #...#
#..........# #...#
#....)..#### #...###
##l......######### #.....#
#♣................
#...#.#####†.......#########
###.#.##...........#
#.#.##...........#
##.#.##.......)...#
###..#........#######
#.....###.....# #####
#.......#.....# #...#
#.._..#.#.....# #...#


You could see an iguana.

Vanquished Creatures
  An iguana (D:2)
  An adder (D:2)
  A dart slug (D:2)
  7 ball pythons
  4 endoplasms (D:2)
  3 giant cockroaches
  5 hobgoblins
  10 jackals
  5 kobolds
  5 quokkas
  5 bats (D:2)
  8 frilled lizards
  7 goblins
  6 rats
68 creatures vanquished.

Notes
Turn   | Place    | Note
-------+----------+-------------------------------------------
     0 | D:1      | zeram the Gargoyle Fighter began the quest for the Orb.
     0 | D:1      | Reached XP level 1. HP: 14/14 MP: 1/1
   168 | D:1      | Reached XP level 2. HP: 12/19 MP: 2/2
  1123 | D:1      | Reached XP level 3. HP: 23/23 MP: 3/3
  1334 | D:1      | Reached skill level 1 in Dodging
  1679 | D:2      | Found a snail-covered altar of Cheibriados.
  1936 | D:2      | Reached XP level 4. HP: 29/29 MP: 4/4
  2643 | D:3      | HP: 1/29 [iguana (6)]
  2651 | D:2      | HP: 2/43 [iguana (6)]
  2653 | D:2      | Reached skill level 4 in Armour
  2654 | D:2      | Slain by an iguana

Illustrated notes

Levels and vault maps discovered:
D:1:      lightli_arrival_boilingwater, layout_basic
D:2:      layout_basic, basic_altar
D:3:      minmay_bubble_buster, layout_basic, gup_sewer_entry_bowl,
          shapermc_ecumenical_altar_hornbeckon

Skill      XL: |  1  2  3  4 |
---------------+-------------+-----
Dodging        | 1 |  1.0
Maces & Flails | 3 |  3.2
Armour         | 4 |  4.0
Fighting       | |  3.8
Shields        | |  3.8

Action                   |  1- 3 |  4- 6 || total
-------------------------+-------+-------++-------
Melee: Flail             |   172 |    62 ||   234
  Use: Scroll            |       |     6 ||     6
       Potion            |       |     4 ||     4
Armor: Scale mail        |   109 |    40 ||   149
       Skin              |       |    15 ||    15
Dodge: Dodged            |    70 |    22 ||    92
Block: Kite shield       |   123 |    33 ||   156
